 Dungeon Crawl Stone Soup version 0.29-a0-609-gb56f46d856 (webtiles) character file.

Game seed: 9162582233175960733

1395 Nedwor the Basher (level 8, -7/71 HPs)
             Began as a Minotaur Berserker on June 16, 2022.
             Was an Elder of Trog.
             Killed from afar by a steam dragon (21 damage)
             ... with a ball of steam
             ... on level 6 of the Dungeon.
             The game lasted 00:04:15 (5034 turns).

Nedwor the Basher (Minotaur Berserker)              Turns: 5034, Time: 00:04:16

Health: -7/71      AC: 11    Str: 31    XL:     8   Next: 41%
Magic:  7/7        EV: 10    Int:  4    God:    Trog [****..]
Gold:   228        SH:  5    Dex:  9    Spells: 7/7 levels left

rFire   . . .      SeeInvis .   v - +0 morningstar
rCold   . . .      Faith    .   (no shield)
rNeg    . . .      Spirit   .   o - +0 chain mail
rPois   .          Reflect  +   (helmet restricted)
rElec   .          Harm     .   (no cloak)
rCorr   .          Rampage  .   q - +0 pair of gloves
Will    .....                   (no boots)
Stlth   ..........              h - amulet of reflection
HPRegen 0.21/turn               t - +6 ring of strength
MPRegen 0.10/turn               (no ring)

@: no status effects
A: horns 2, retaliatory headbutt
a: Renounce Religion, Berserk, Trog's Hand, Brothers in Arms


You were on level 6 of the Dungeon.
You worshipped Trog.
Trog was greatly pleased with you.
You visited 1 branch of the dungeon, and saw 6 of its levels.

You collected 228 gold pieces.

Inventory:

Hand Weapons
 v - a +0 morningstar (weapon)
Missiles
 x - 2 throwing nets (quivered)
Armour
 b - a +0 animal skin
 o - a +0 chain mail (worn)
 q - a +0 pair of gloves (worn)
Jewellery
 h - an amulet of reflection (around neck)
 t - a +6 ring of strength (left hand)
Wands
 w - a wand of iceblast (8)
Scrolls
 a - a scroll of immolation {unknown}
 c - 4 scrolls of vulnerability {unknown}
 d - a scroll of amnesia {unknown}
 e - 2 scrolls of enchant weapon {unknown}
 f - 3 scrolls of summoning {unknown}
 i - 11 scrolls of identify {unknown}
 k - 5 scrolls of teleportation {unknown}
 r - 2 scrolls of torment {unknown}
 s - a scroll of fear {unknown}
 y - a scroll of blinking {unknown}
Potions
 g - a potion of haste {unknown}
 j - 3 potions of cancellation {unknown}
 l - 2 potions of curing {unknown}
 m - 2 potions of heal wounds {unknown}
 n - a potion of attraction {unknown}
 p - 2 potions of lignification {unknown}
 u - 2 potions of might {unknown}
 z - a potion of degeneration {unknown}


   Skills:
 + Level 6.7 Fighting
 * Level 8.6 Maces & Flails
 + Level 6.0 Armour
 + Level 5.4 Dodging


You had 7 spell levels left.
You didn't know any spells.
Your spell library was empty.

Dungeon Overview and Level Annotations

Branches:
Dungeon (6/15)             Temple (0/1) D:5

Altars:


Innate Abilities, Weirdness & Mutations

You have a pair of horns on your head.
You reflexively headbutt those who attack you in melee.


Message History

The orc hits you with a +0 flail.
The orc priest hits you with a +2 short sword of flaming.
The orc priest burns you.
The orc wizard gestures at you while chanting.
The magic dart hits you but does no damage.
The orc hits you but does no damage.
You hit the orc wizard.
You kill the orc wizard!
Trog accepts your kill.
Trog appreciates your killing of a magic user.
The orc hits you but does no damage. x2
The orc priest mumbles some strange prayers to Beogh against you.
Pain shoots through your body! The orc barely misses you.
The orc priest hits you with a +2 short sword of flaming.
The orc priest burns you. The orc hits you with a +0 flail!
The steam dragon breathes steam at you.
The ball of steam hits the orc!!
The orc dies!
The ball of steam hits the orc!
The orc dies!
The ball of steam hits you!
* * * LOW HITPOINT WARNING * * *
Your Armour skill increases to level 6!
You thump the orc priest!
The orc priest is heavily wounded.
You are engulfed in a cloud of scalding steam.
* * * LOW HITPOINT WARNING * * *
The orc priest is engulfed in a cloud of scalding steam.
The orc priest hits you but does no damage.
You puncture the orc priest!
You kill the orc priest!
Trog accepts your kill.
You closely miss the steam dragon. You headbutt the steam dragon!
The steam dragon is heavily wounded.
You block the steam dragon's attack. The steam dragon barely misses you.
You closely miss the steam dragon. You headbutt the steam dragon!
The steam dragon is severely wounded.
The steam dragon breathes steam at you. The ball of steam hits you!!
You die...

#####..........##
#........####..##
#........# ...
#........# ..##
##.##...## ..# #
##.######..#
#.........#
#####.)...####
#)@.......
#D##.##### #)# #
#.# #.# #.# #.#
#.# ...


You could see a steam dragon (catching breath).

Vanquished Creatures
  3 black bears
  2 ice beasts (D:5)
  An ogre (D:3)
  2 phantoms (D:5)
  A bullfrog (D:6)
  5 scorpions
  3 jellies
  2 orc priests
  A hound (D:5)
  An orc wizard (D:6)
  4 adders
  2 ufetubi
  2 worms (D:2)
  A dart slug (D:1)
  4 orcs
  6 endoplasms
  4 giant cockroaches
  11 goblins
  8 hobgoblins
  3 jackals (D:2)
  7 kobolds
  5 quokkas
  13 ball pythons
  5 bats
  6 frilled lizards
  21 rats
123 creatures vanquished.

Vanquished Creatures (others)
  2 orcs (D:6)
2 creatures vanquished.

Grand Total: 125 creatures vanquished

Notes
Turn   | Place    | Note
-------+----------+-------------------------------------------
     0 | D:1      | Nedwor the Minotaur Berserker began the quest for the Orb.
     0 | D:1      | Reached XP level 1. HP: 19/19 MP: 0/0
   191 | D:1      | You fall into a shaft and drop 1 floor!
   202 | D:2      | Reached XP level 2. HP: 25/27 MP: 1/1
   204 | D:2      | Reached skill level 4 in Maces & Flails
   439 | D:1      | Reached ** piety under Trog
   620 | D:1      | Reached XP level 3. HP: 25/33 MP: 2/2
  1459 | D:2      | Reached XP level 4. HP: 37/40 MP: 3/3
  2750 | D:3      | Noticed an ogre
  2758 | D:3      | Killed an ogre
  2759 | D:3      | Reached skill level 5 in Maces & Flails
  2759 | D:3      | Reached XP level 5. HP: 25/47 MP: 4/4
  3238 | D:4      | Reached *** piety under Trog
  3464 | D:4      | Noticed a black bear
  3473 | D:4      | Killed a black bear
  3474 | D:4      | Reached skill level 5 in Fighting
  3474 | D:4      | Reached skill level 6 in Maces & Flails
  3474 | D:4      | Reached XP level 6. HP: 40/56 MP: 5/5
  3983 | D:4      | Reached XP level 7. HP: 61/61 MP: 6/6
  4133 | D:4      | Reached **** piety under Trog
  4295 | D:5      | Entered Level 5 of the Dungeon
  4329 | D:5      | Reached skill level 7 in Maces & Flails
  4344 | D:5      | Reached skill level 5 in Armour
  4381 | D:5      | Reached XP level 8. HP: 51/70 MP: 7/7
  4523 | D:5      | Found a staircase to the Ecumenical Temple.
  4655 | D:5      | Reached skill level 8 in Maces & Flails
  4655 | D:5      | Reached skill level 5 in Dodging
  5034 | D:6      | Killed from afar by a steam dragon

Illustrated notes

Levels and vault maps discovered:
D:1:      dpeg_arrival_arbitrary_a, layout_loops_ring
D:2:      layout_basic, grunt_ministairs_10, kennysheep_nub, minmay_vboxes
D:3:      layout_basic, hangedman_decor_opposing, minmay_misc_feat_room
D:4:      nicolae_cairo_tiling, layout_cave_pools, minmay_rat_hole
D:5:      layout_cave_pools, minmay_temple_entry_antechambers
D:6:      layout_loops_ring, serial_glass, glass_columns_b, glass_columns_a,
          minmay_strange_pillars, minmay_strange_pillars, item_on_display_a,
          due_unseen_surprise, nicolae_lava_and_water

Skill      XL: |  1  2  3  4  5  6  7  8 |
---------------+-------------------------+-----
Maces & Flails | 4 5 6 7 8 |  8.6
Fighting       | 4 5 6 |  6.7
Armour         | 3 4 5 6 |  6.0
Dodging        | 3 4 5 |  5.4

Action                   |  1- 3 |  4- 6 |  7- 9 || total
-------------------------+-------+-------+-------++-------
Melee: Mace              |    64 |    45 |       ||   109
       Headbutt          |     7 |    14 |    12 ||    33
       Morningstar       |       |    48 |    78 ||   126
Invok: Berserk           |       |       |     1 ||     1
 Stab: Sleeping          |     1 |       |       ||     1
Armor: Animal skin       |     5 |       |       ||     5
       Chain mail        |     4 |    50 |    53 ||   107
Dodge: Dodged            |    55 |    36 |    58 ||   149
Block: Other             |     1 |    16 |    18 ||    35
       Reflection        |       |       |     1 ||     1

Table legend: (Time is in decaauts)
 A = Elapsed time spent in this place.
 B = Non-inter-level travel time spent in this place.
 C = Inter-level travel time spent in this place.
 D = Time resting spent in this place.
 E = Time spent auto-exploring this place.
 F = Levels seen in this place.
 G = Mean time per level.
                   A        B        C        D        E       F      G
               +--------+--------+--------+--------+--------+-----+--------+
         Total |   5081 |   4812 |    269 |    128 |   4051 |   6 |  846.8 |
       Dungeon |   5081 |   4812 |    269 |    128 |   4051 |   6 |  846.8 |
               +--------+--------+--------+--------+--------+-----+--------+

Top non-repeatable levels by time:
     D:2: 1678 daAuts
     D:1: 981 daAuts
     D:4: 959 daAuts
     D:3: 709 daAuts
     D:5: 631 daAuts
     D:6: 120 daAuts
